SL
BUCKHEAD BOWTIES @ PHOENIX HOTSPUR
05/24/2038
 
TOP OF THE 1ST
Buckhead Bowties batting - Pitching for Phoenix Hotspur : RHP Jorge Otero
Pitching: RHP Jorge Otero
Batting: SHB Nuygen Vuong 0-0: Foul Ball, location: 2F
0-1: SINGLE (Groundball, 6D, EV 93.8 MPH)
Batting: LHB Shunso Kiyomizu 0-0: SINGLE (Line Drive, 8LS, EV 87.5 MPH)
Nuygen Vuong to second
Batting: LHB Marcus Shill 0-0: Called Strike
0-1: Fielders Choice at 2nd, 3-6 (Groundball, 34, EV 101.2 MPH)
Nuygen Vuong to third
Batting: LHB Jesús Encarnación 0-0: Ball
1-0: Ball
2-0: Foul Ball, location: 2F
2-1: Foul Ball, location: 2F
2-2: Fly out, F7 (Flyball, 78XD, EV 94.4 MPH)
Runner from 3rd tags up, SCORES, no throw by LF
Batting: RHB Emílio Agramónte 0-0: Ball
1-0: Ball
Wild Pitch!
Marcus Shill to second
2-0: Ball
3-0: Base on Balls
Batting: RHB Barsati Saraf 0-0: Foul Ball, location: 2F
0-1: Called Strike
0-2: Strikes out swinging
Top of the 1st over - 1 run, 2 hits, 0 errors, 2 left on base; Buckhead 1 - Phoenix 0
BOTTOM OF THE 1ST
Phoenix Hotspur batting - Pitching for Buckhead Bowties : LHP Paul Haines
Pitching: LHP Paul Haines
Batting: RHB Alberto Ramírez 0-0: Ball
1-0: Ball
2-0: Called Strike
2-1: SINGLE (Line Drive, 34D, EV 94.4 MPH)
Batting: RHB Dale Everest 0-0: Foul Ball, location: 2F
0-1: Called Strike
0-2: Ball
1-2: Ball
2-2: Foul Ball, location: 2F
2-2: Fielders Choice at 2nd, 3-6 (Groundball, 3S, EV 84.4 MPH)
Batting: RHB Jonas van Claveren 0-0: Ball
1-0: Foul Ball, location: 2F
1-1: Swinging Strike
1-2: Ball
2-2: Foul Ball, location: 2F
2-2: Foul Ball, location: 2F
2-2: Foul Ball, location: 2F
2-2: 2-RUN HOME RUN (Flyball, 7D, EV 96.2 MPH), Distance : 371 ft
Batting: RHB Martín Talia 0-0: Ball
1-0: Ball
2-0: SINGLE (Flyball, 9S, EV 91.2 MPH)
Batting: LHB Tadayoshi Watanabe 0-0: Ball
1-0: Foul Ball, location: 2F
1-1: Ball
2-1: Called Strike
2-2: Foul Ball, location: 2F
2-2: Fly out, F8 (Flyball, 8LS, EV 77.5 MPH)
Batting: RHB Myles Brundidge 0-0: Fielders Choice at 2nd, 5-4 (Groundball, 56, EV 89.4 MPH)
Bottom of the 1st over - 2 runs, 3 hits, 0 errors, 1 left on base; Buckhead 1 - Phoenix 2
TOP OF THE 2ND
Buckhead Bowties batting - Pitching for Phoenix Hotspur : RHP Jorge Otero
Batting: LHB Badry Maksimenov 0-0: Ball
1-0: Swinging Strike
1-1: Foul Ball, location: 2F
1-2: Strikes out swinging
Batting: RHB Nick Bechtel 0-0: Ball
1-0: Called Strike
1-1: Foul Ball, location: 2F
1-2: Strikes out swinging
Batting: SHB Henrique de Senna Fernandes 0-0: Foul Ball, location: 2F
0-1: Ball
1-1: Called Strike
1-2: Foul Ball, location: 2F
1-2: Strikes out swinging
Top of the 2nd over - 0 runs, 0 hits, 0 errors, 0 left on base; Buckhead 1 - Phoenix 2
BOTTOM OF THE 2ND
Phoenix Hotspur batting - Pitching for Buckhead Bowties : LHP Paul Haines
Batting: RHB Brit Davis 0-0: Ball
1-0: Swinging Strike
1-1: Fly out, F3 (Popup, 3SF, EV 77.5 MPH)
Batting: RHB Quan Easterling 0-0: Swinging Strike
0-1: Ball
1-1: Fly out, F7 (Flyball, 7S, EV 96.9 MPH)
Batting: LHB Mare Riseley 0-0: Called Strike
0-1: Ground out 1-3 (Groundball, 13, EV 78.8 MPH)
Bottom of the 2nd over - 0 runs, 0 hits, 0 errors, 0 left on base; Buckhead 1 - Phoenix 2
TOP OF THE 3RD
Buckhead Bowties batting - Pitching for Phoenix Hotspur : RHP Jorge Otero
Batting: SHB Nuygen Vuong 0-0: Called Strike
0-1: Ball
1-1: Ball
2-1: Ball
3-1: Foul Ball, location: 2F
3-2: Base on Balls
Batting: LHB Shunso Kiyomizu 0-0: Ground out U3 (Groundball, 34S, EV 68.8 MPH)
Nuygen Vuong to second
Batting: LHB Marcus Shill 0-0: Ball
1-0: Fly out, F9 (Flyball, 9D, EV 100.0 MPH)
Runner from 2nd tags up, SAFE at 3rd, no throw by RF
Batting: LHB Jesús Encarnación 0-0: Ground out 4-3 (Groundball, 4, EV 88.8 MPH)
Top of the 3rd over - 0 runs, 0 hits, 0 errors, 1 left on base; Buckhead 1 - Phoenix 2
BOTTOM OF THE 3RD
Phoenix Hotspur batting - Pitching for Buckhead Bowties : LHP Paul Haines
Batting: RHB Alberto Ramírez 0-0: Called Strike
0-1: Ball
1-1: Ball
2-1: Swinging Strike
2-2: Foul Ball, location: 2F
2-2: Ball
3-2: Base on Balls
Batting: RHB Dale Everest 0-0: Ball
1-0: Ball
2-0: SINGLE (Groundball, 56D, EV 96.2 MPH)
Alberto Ramírez to second
Batting: RHB Jonas van Claveren 0-0: SINGLE (Line Drive, 4MD, EV 102.5 MPH)
Alberto Ramírez to third
Dale Everest to second
Runner from 3rd tries for Home, SAFE, no throw by CF
Batting: RHB Martín Talia 0-0: Ball
1-0: Foul Ball, location: 2F
1-1: Fly out, F6 (Line Drive, 6, EV 70.0 MPH)
Lined into DP, 6-4 (Line Drive, 6, EV 65.0 MPH)
Batting: LHB Tadayoshi Watanabe 0-0: Foul Ball, location: 2F
0-1: Ball
Jonas van Claveren is caught stealing 2nd base 2-6
Bottom of the 3rd over - 1 run, 2 hits, 0 errors, 0 left on base; Buckhead 1 - Phoenix 3
TOP OF THE 4TH
Buckhead Bowties batting - Pitching for Phoenix Hotspur : RHP Jorge Otero
Batting: RHB Emílio Agramónte 0-0: Called Strike
0-1: Ball
1-1: Ball
2-1: Ball
3-1: Fly out, F9 (Flyball, 9LD, EV 88.8 MPH)
Batting: RHB Barsati Saraf 0-0: Fly out, F6 (Line Drive, 6, EV 65.6 MPH)
Batting: LHB Badry Maksimenov 0-0: Foul Ball, location: 2F
0-1: Fly out, F6 (Line Drive, 6, EV 70.6 MPH)
Top of the 4th over - 0 runs, 0 hits, 0 errors, 0 left on base; Buckhead 1 - Phoenix 3
BOTTOM OF THE 4TH
Phoenix Hotspur batting - Pitching for Buckhead Bowties : LHP Paul Haines
Batting: LHB Tadayoshi Watanabe 0-0: Swinging Strike
0-1: Swinging Strike
0-2: Ball
1-2: Foul Ball, location: 2F
1-2: Ball
2-2: SINGLE (Groundball, 5D, EV 100.0 MPH)
Batting: RHB Myles Brundidge 0-0: Ball
1-0: Foul Ball, location: 2F
1-1: Fly out, F8 (Flyball, 8RM, EV 81.9 MPH)
Batting: RHB Brit Davis 0-0: Ball
1-0: Ball
2-0: Called Strike
2-1: Ball
3-1: Foul Ball, location: 2F
3-2: Base on Balls
Tadayoshi Watanabe to second
Batting: RHB Quan Easterling 0-0: Ball
1-0: Ball
2-0: Ball
3-0: Base on Balls
Tadayoshi Watanabe to third
Brit Davis to second
Batting: LHB Mare Riseley 0-0: Ball
1-0: Fly out, F7 (Flyball, 7S, EV 86.2 MPH)
Batting: RHB Alberto Ramírez 0-0: Called Strike
0-1: Ball
1-1: Foul Ball, location: 2F
1-2: Ball
2-2: Ball
3-2: Base on Balls
Tadayoshi Watanabe scores
Brit Davis to third
Quan Easterling to second
Batting: RHB Dale Everest 0-0: Fielders Choice at 2nd, 6-4 (Groundball, 6, EV 76.9 MPH)
Bottom of the 4th over - 1 run, 1 hit, 0 errors, 3 left on base; Buckhead 1 - Phoenix 4
TOP OF THE 5TH
Buckhead Bowties batting - Pitching for Phoenix Hotspur : RHP Jorge Otero
Batting: RHB Nick Bechtel 0-0: Ball
1-0: Ball
2-0: Ground out 2-3 (Groundball, 15S, EV 65.0 MPH)
Batting: SHB Henrique de Senna Fernandes 0-0: Foul Ball, location: 2F
0-1: Reaches on Catchers interference
Batting: SHB Nuygen Vuong 0-0: Ball
1-0: Called Strike
1-1: Foul Ball, location: 2F
1-2: Foul Ball, location: 2F
1-2: Grounds out, U3 (Groundball, 3L, EV 77.5 MPH)
Batting: LHB Shunso Kiyomizu 0-0: Fly out, F7 (Line Drive, 7D, EV 88.8 MPH)
Top of the 5th over - 0 runs, 0 hits, 1 error, 1 left on base; Buckhead 1 - Phoenix 4
BOTTOM OF THE 5TH
Phoenix Hotspur batting - Pitching for Buckhead Bowties : LHP Paul Haines
Batting: RHB Jonas van Claveren 0-0: Ball
1-0: Ground out 4-3 (Groundball, 4M, EV 84.4 MPH)
Batting: RHB Martín Talia 0-0: Ball
1-0: Called Strike
1-1: Fly out, F8 (Flyball, 8LXD, EV 82.5 MPH)
Batting: LHB Tadayoshi Watanabe 0-0: Ball
1-0: Called Strike
1-1: Swinging Strike
1-2: Strikes out swinging
Bottom of the 5th over - 0 runs, 0 hits, 0 errors, 0 left on base; Buckhead 1 - Phoenix 4
TOP OF THE 6TH
Buckhead Bowties batting - Pitching for Phoenix Hotspur : RHP Jorge Otero
Batting: LHB Marcus Shill 0-0: Ball
1-0: Foul Ball, location: 2F
1-1: DOUBLE (Line Drive, 7LM, EV 107.5 MPH)
Batting: LHB Jesús Encarnación 0-0: Ball
1-0: Called Strike
1-1: Ball
2-1: Foul Ball, location: 2F
2-2: Foul Ball, location: 2F
2-2: Ball
3-2: Base on Balls
Batting: RHB Emílio Agramónte 0-0: Ball
1-0: Ball
2-0: Called Strike
2-1: Fly out, F8 (Flyball, 89XD, EV 105.6 MPH)
Runner from 2nd tags up, SAFE at 3rd, no throw by CF
Batting: RHB Barsati Saraf 0-0: Called Strike
0-1: Ball
1-1: Ball
2-1: Foul Ball, location: 2F
2-2: SINGLE (Line Drive, 7S, EV 91.9 MPH)
Marcus Shill scores
Jesús Encarnación to second
Batting: LHB Badry Maksimenov 0-0: Swinging Strike
0-1: Called Strike
0-2: Foul Ball, location: 2F
0-2: Fly out, F9 (Flyball, 9LSF, EV 73.8 MPH)
Batting: RHB Nick Bechtel 0-0: Called Strike
0-1: Ground out 5-3 (Groundball, 56S, EV 81.2 MPH)
Top of the 6th over - 1 run, 2 hits, 0 errors, 2 left on base; Buckhead 2 - Phoenix 4
BOTTOM OF THE 6TH
Phoenix Hotspur batting - Pitching for Buckhead Bowties : LHP Paul Haines
Batting: RHB Myles Brundidge 0-0: Called Strike
0-1: Called Strike
0-2: Foul Ball, location: 2F
0-2: Strikes out swinging
Batting: RHB Brit Davis 0-0: Called Strike
0-1: Swinging Strike
0-2: Ball
1-2: Foul Ball, location: 2F
1-2: Ball
2-2: Ball
3-2: Strikes out swinging
Batting: RHB Quan Easterling 0-0: Foul Ball, location: 2F
0-1: Called Strike
0-2: Ball
1-2: Strikes out swinging
Bottom of the 6th over - 0 runs, 0 hits, 0 errors, 0 left on base; Buckhead 2 - Phoenix 4
TOP OF THE 7TH
Buckhead Bowties batting - Pitching for Phoenix Hotspur : RHP Jorge Otero
Batting: SHB Henrique de Senna Fernandes 0-0: Foul Ball, location: 2F
0-1: Called Strike
0-2: Ball
1-2: Strikes out swinging
Batting: SHB Nuygen Vuong 0-0: Foul Ball, location: 2F
0-1: Ball
1-1: Ball
2-1: Ball
3-1: Swinging Strike
3-2: SINGLE (Groundball, 25, EV 66.9 MPH) (infield hit)
Batting: LHB Shunso Kiyomizu 0-0: Ball
1-0: Ball
2-0: Fielders Choice at 2nd, 4-6 (Groundball, 4S, EV 80.6 MPH)
Pitching: RHP Dermot Eridge
Batting: LHB Marcus Shill 0-0: Called Strike
Shunso Kiyomizu steals 2nd base
0-1: Swinging Strike
0-2: Foul Ball, location: 2F
0-2: Ball
1-2: Hit by Pitch
Batting: LHB Jesús Encarnación 0-0: Swinging Strike
0-1: Ball
1-1: Ball
2-1: Ball
3-1: Foul Ball, location: 2F
3-2: Base on Balls
Shunso Kiyomizu to third
Marcus Shill to second
Batting: RHB Emílio Agramónte 0-0: Called Strike
0-1: Fly out, F9 (Flyball, 89XD, EV 103.1 MPH)
Top of the 7th over - 0 runs, 1 hit, 0 errors, 3 left on base; Buckhead 2 - Phoenix 4
BOTTOM OF THE 7TH
Phoenix Hotspur batting - Pitching for Buckhead Bowties : LHP Paul Haines
Pitching: RHP Brian Fixel
Batting: LHB Mare Riseley 0-0: Ball
1-0: Foul Ball, location: 2F
1-1: Foul Ball, location: 2F
1-2: Ball
2-2: Ground out 5-3 (Groundball, 5, EV 103.8 MPH)
Batting: RHB Alberto Ramírez 0-0: Called Strike
0-1: Foul Ball, location: 2F
0-2: Ball
1-2: Ball
2-2: Ball
3-2: Strikes out swinging
Batting: RHB Dale Everest 0-0: Called Strike
0-1: Ball
1-1: Ball
2-1: Ball
3-1: Base on Balls
Batting: RHB Jonas van Claveren 0-0: Ball
1-0: Swinging Strike
1-1: Swinging Strike
1-2: Ball
2-2: Strikes out swinging
Bottom of the 7th over - 0 runs, 0 hits, 0 errors, 1 left on base; Buckhead 2 - Phoenix 4
TOP OF THE 8TH
Buckhead Bowties batting - Pitching for Phoenix Hotspur : RHP Dermot Eridge
Batting: RHB Barsati Saraf 0-0: Swinging Strike
0-1: Called Strike
0-2: Ground out 5-3 (Groundball, 5, EV 80.0 MPH)
Batting: LHB Badry Maksimenov 0-0: Ball
1-0: Ball
2-0: Foul Ball, location: 2F
2-1: Called Strike
2-2: Foul Ball, location: 2F
2-2: Strikes out swinging
Batting: RHB Nick Bechtel 0-0: Called Strike
0-1: Ball
1-1: Foul Ball, location: 2F
1-2: Foul Ball, location: 2F
1-2: Ball
2-2: SINGLE (Line Drive, 8LS, EV 102.5 MPH)
Batting: SHB Henrique de Senna Fernandes 0-0: Ball
1-0: Ball
2-0: Called Strike
2-1: Foul Ball, location: 2F
2-2: Ball
3-2: Strikes out looking
Top of the 8th over - 0 runs, 1 hit, 0 errors, 1 left on base; Buckhead 2 - Phoenix 4
BOTTOM OF THE 8TH
Phoenix Hotspur batting - Pitching for Buckhead Bowties : RHP Brian Fixel
Batting: RHB Martín Talia 0-0: Ball
1-0: Foul Ball, location: 2F
1-1: Foul Ball, location: 2F
1-2: Ball
2-2: Strikes out swinging
Batting: LHB Tadayoshi Watanabe 0-0: Called Strike
0-1: Ball
1-1: SINGLE (Line Drive, 78S, EV 109.4 MPH)
Batting: RHB Myles Brundidge 0-0: Called Strike
0-1: SINGLE (Groundball, 34D, EV 106.9 MPH)
Tadayoshi Watanabe to second
Runner from 2nd tries for 3rd, SAFE, no throw by RF
Batting: RHB Brit Davis 0-0: Ball
Myles Brundidge is caught stealing 2nd base 2-4
1-0: Swinging Strike
1-1: Ball
2-1: Foul Ball, location: 2F
2-2: Ball
3-2: Foul Ball, location: 2F
3-2: Foul Ball, location: 2F
3-2: Base on Balls
Batting: RHB Quan Easterling 0-0: Swinging Strike
0-1: Called Strike
0-2: Foul Ball, location: 2F
0-2: Ball
1-2: Foul Ball, location: 2F
1-2: Foul Ball, location: 2F
1-2: Strikes out looking
Bottom of the 8th over - 0 runs, 2 hits, 0 errors, 2 left on base; Buckhead 2 - Phoenix 4
TOP OF THE 9TH
Buckhead Bowties batting - Pitching for Phoenix Hotspur : RHP Dermot Eridge
Pitching: LHP Nees Stroo
Batting: SHB Nuygen Vuong 0-0: Ball
1-0: Foul Ball, location: 2F
1-1: Ball
2-1: Foul Ball, location: 2F
2-2: Ground out 3-1 (Groundball, 34, EV 86.2 MPH)
Batting: LHB Shunso Kiyomizu 0-0: Called Strike
0-1: Ball
1-1: Hit by Pitch
Pitching: RHP Armando Garay
Batting: LHB Marcus Shill 0-0: Ball
1-0: Called Strike
1-1: Foul Ball, location: 2F
1-2: Ball
2-2: Fly out, F6 (Popup, 6, EV 55.0 MPH)
Batting: LHB Jesús Encarnación 0-0: Ball
1-0: Fly out, F5 (Popup, 56S, EV 71.2 MPH)
Top of the 9th over - 0 runs, 0 hits, 0 errors, 1 left on base; Buckhead 2 - Phoenix 4
Friday, April 17th, 2020 - OOTP Baseball 20.8 Build 74